 Dungeon Crawl Stone Soup version 0.29.1-2-gbd0b4ee654 (webtiles) character file.

Game seed: 17368076913914084084

233 Ivernyr the Sneak (level 6, -1/49 HPs)
             Began as a Naga Enchanter on Oct 29, 2022.
             Slain by Grinder (4 damage)
             ... on level 3 of the Dungeon.
             The game lasted 00:05:43 (3111 turns).

Ivernyr the Sneak (Naga Enchanter)                  Turns: 3111, Time: 00:05:43

Health: -1/49      AC:  5    Str: 10    XL:     6   Next: 5%
Magic:  1/10       EV:  9    Int: 24    God:
Gold:   112        SH:  0    Dex: 11    Spells: 6/11 levels left

rFire   . . .      SeeInvis +   a - +2 dagger (drain)
rCold   . . .      Faith    .   (no shield)
rNeg    . . .      Spirit   .   b - +0 robe
rPois   +          Reflect  .   (no helmet)
rElec   .          Harm     .   q - +0 cloak
rCorr   .          Rampage  .   v - +0 pair of gloves
Will    .....                   (no barding)
Stlth   +++.......              (no amulet)
HPRegen 0.16/turn               m - +6 ring of intelligence
MPRegen 0.12/turn               (no ring)

@: confusing by touch, very slow
A: AC +2, large, see invisible, deformed body, poison resistance, slowness 2,
spit poison 1, naga tail 1
a: Spit Poison


You were on level 3 of the Dungeon.
You visited 1 branch of the dungeon, and saw 3 of its levels.

You collected 112 gold pieces.

Inventory:

Hand Weapons
 a - a +2 dagger of draining (weapon)
Armour
 b - a +0 robe (worn)
 q - a +0 cloak (worn)
 v - a +0 pair of gloves (worn)
Jewellery
 m - a +6 ring of intelligence (left hand)
 n - a ring of wizardry
Wands
 p - a wand of flame (11)
Scrolls
 d - 2 scrolls of teleportation {unknown}
 f - a scroll of amnesia {unknown}
 g - 2 scrolls of enchant weapon {unknown}
 k - 2 scrolls of identify {unknown}
 l - a scroll of immolation {unknown}
 t - a scroll of fear {unknown}
Potions
 c - 2 potions of invisibility
 e - 2 potions of flight {unknown}
 h - 2 potions of haste {unknown}
 i - 2 potions of ambrosia {unknown}
 j - a potion of lignification {unknown}
 o - a potion of magic {unknown}
 r - a potion of mutation {unknown}
 s - 2 potions of degeneration {unknown}
 u - a potion of resistance {unknown}


   Skills:
 + Level 2.6 Short Blades
 - Level 1.5 Dodging
 * Level 7.2 Stealth
 + Level 3.0 Spellcasting
 + Level 3.9 Hexes


You had 6 spell levels left.
You knew the following spells:

 Your Spells              Type           Power      Damage    Failure   Level
a - Ensorcelled Hibernat  Hex/Ice        26%        N/A       8%          2
b - Confusing Touch       Hex            22%        N/A       6%          3

Your spell library contained the following spells:

 Spells                   Type           Power      Damage    Failure   Level
 Tukima's Dance           Hex            22%        N/A       6%          3
 Dazzling Flash           Conj/Hex       26%        N/A       14%         3
 Animate Armour           Summ/Erth      6%         N/A       71%         4
 Blade Hands              Tmut           1%         N/A       96%         5
 Iron Shot                Conj/Erth      1%         9d1       100%        6


Dungeon Overview and Level Annotations

Branches:
Dungeon (3/15)

Altars:
Wu Jian

Annotations:
D:3 Grinder


Innate Abilities, Weirdness & Mutations

Your serpentine skin is tough. (AC +2)
You have supernaturally acute eyesight. (SInv)
Armour fits poorly on your strangely shaped body.
Your system is resistant to poisons. (rPois)
You cover ground very slowly.
You can spit poison.
You have a snake-like lower body.


Message History

Grinder hits you.
* * * LOW HITPOINT WARNING * * *
You writhe in agony.
* * * LOW HITPOINT WARNING * * *
You hit Grinder but do no damage.
Grinder is lightly wounded.
You have got your breath back.
Unknown command.
You hit Grinder.
Grinder is lightly wounded.
You catch the helpless Grinder completely off-guard!
You puncture Grinder!
Grinder is heavily wounded.
Aiming: Spit Poison (1% risk of failure)
Press: ? - help, Shift-Dir - straight line, f/p - Grinder
Aim: Grinder (heavily wounded, confused, 86% to hit)
The splash of poison hits Grinder.
Grinder is heavily wounded.
Casting: Confusing Touch (dangerous; 6% risk of failure)
Confirm with . or Enter, or press ? or * to list all spells.
You can't see any susceptible monsters within range! (Use Z to cast anyway.)
You can't do that yet.
Found 13 gold pieces.
You have got your breath back.
Found a stone staircase leading up.
You now have 112 gold pieces (gained 13).
Casting: Confusing Touch (dangerous; 6% risk of failure)
Confirm with . or Enter, or press ? or * to list all spells.
Your hands begin to glow red.
Grinder misses you.
Casting: Confusing Touch (dangerous; 6% risk of failure)
Confirm with . or Enter, or press ? or * to list all spells.
Your hands begin to glow brighter.
Grinder gestures at you. You resist with some effort.
Casting: Confusing Touch (dangerous; 6% risk of failure)
Confirm with . or Enter, or press ? or * to list all spells.
Your hands begin to glow brighter.
Grinder hits you!
* * * LOW HITPOINT WARNING * * *
You writhe in agony.
You die...

##.##########.#
...........#.##
...
#.......#####
#.##.##.......<#
#.....5#########
#.###..#.#.#
#......#.#.#
#.######.#.#.#
#....@5..#...#
##############


You could see Grinder.

Vanquished Creatures
  Sigmund (D:2)
  2 adders (D:2)
  2 worms (D:2)
  A dart slug (D:1)
  An orc (D:2)
  A ball python (D:1)
  3 bats (D:1)
  2 endoplasms (D:2)
  3 giant cockroaches
  6 goblins
  5 hobgoblins
  4 quokkas (D:1)
  3 frilled lizards
  5 kobolds
  3 rats (D:1)
42 creatures vanquished.

Notes
Turn   | Place    | Note
-------+----------+-------------------------------------------
     0 | D:1      | Ivernyr the Naga Enchanter began the quest for the Orb.
     0 | D:1      | Reached XP level 1. HP: 15/15 MP: 3/3
   524 | D:1      | Reached XP level 2. HP: 22/22 MP: 5/5
   527 | D:1      | Learned a level 2 spell: Ensorcelled Hibernation
  1139 | D:1      | Reached skill level 5 in Stealth
  1210 | D:1      | Reached XP level 3. HP: 24/28 MP: 1/6
  1363 | D:1      | Found a faded altar of an unknown god.
  1565 | D:1      | Learned a level 3 spell: Confusing Touch
  1889 | D:2      | Found an ornate altar of the Wu Jian Council.
  1977 | D:2      | Noticed Sigmund
  1990 | D:2      | Killed Sigmund
  1991 | D:2      | Reached skill level 7 in Stealth
  1991 | D:2      | Reached XP level 4. HP: 26/36 MP: 2/8
  1991 | D:2      | Reached XP level 5. HP: 31/42 MP: 2/9
  2916 | D:2      | Reached XP level 6. HP: 42/49 MP: 1/10
  3080 | D:3      | Noticed Grinder
  3087 | D:3      | Paralysed by Grinder for 3 turns
  3111 | D:3      | Slain by Grinder

Illustrated notes

Levels and vault maps discovered:
D:1:      dpeg_arrival_central, layout_basic,
          shapermc_ecumenical_altar_mp_ritualfount, minmay_tall_x
D:2:      layout_basic, basic_altar, kennysheep_cross_room, uniq_sigmund
D:3:      layout_basic, trog_book, mainiacjoe_overflow_brackets, uniq_ijyb,
          uniq_grinder

Skill      XL: |  1  2  3 |
---------------+----------+-----
Stealth        | 5 7 |  7.2
Short Blades   | 2 |  2.6
Spellcasting   | 3 |  3.0
Dodging        | |  1.5
Hexes          | |  3.9

Action                   |  1- 3 |  4- 6 || total
-------------------------+-------+-------++-------
Melee: Dagger            |    65 |    30 ||    95
 Cast: Ensorcelled Hiber |     5 |    11 ||    16
       Confusing Touch   |       |     4 ||     4
 Abil: Spit Poison       |     6 |     3 ||     9
 Stab: Sleeping          |    15 |     7 ||    22
       Confused          |       |     1 ||     1
Armor: Robe              |    11 |     4 ||    15
Dodge: Dodged            |    24 |    12 ||    36
